 Dungeon Crawl Stone Soup version 0.29.0-13-gc9e81de378 (webtiles) character file.

Game seed: 2034683540629400247

3297 ystael the Cleaver (level 9, 0/79 HPs)
             Began as a Minotaur Fighter on Sept 7, 2022.
             Was a Follower of the Shining One.
             Slain by an eight-headed hydra (4 damage)
             ... on level 8 of the Dungeon.
             The game lasted 00:14:28 (5792 turns).

ystael the Cleaver (Minotaur Fighter)               Turns: 5792, Time: 00:14:29

Health: 0/79       AC: 18    Str: 25    XL:     9   Next: 70%
Magic:  17/17      EV: 11    Int:  5    God:    the Shining One [*.....]
Gold:   46         SH:  5    Dex: 10    Spells: 8/8 levels left

rFire   . . .      SeeInvis .   c - +0 morningstar
rCold   . . .      Faith    .   q - +0 buckler
rNeg    . . .      Spirit   .   z - +1 plate armour
rPois   .          Reflect  .   x - +2 hat
rElec   .          Harm     .   (no cloak)
rCorr   .          Rampage  .   (no gloves)
Will    .....                   H - +1 pair of boots
Stlth   ..........              g - amulet of regeneration
HPRegen 1.03/turn               l - +4 ring of evasion
MPRegen 0.15/turn               y - ring of magical power

@: about to teleport, glowing
A: horns 2, retaliatory headbutt
a: Renounce Religion, Divine Shield


You were on level 8 of the Dungeon.
You worshipped the Shining One.
The Shining One was aware of your devotion.
You visited 2 branches of the dungeon, and saw 9 of its levels.

You collected 466 gold pieces.
You spent 420 gold pieces at shops.

Inventory:

Hand Weapons
 a - a +2 vorpal war axe
 b - a +2 sling
 c - a +0 morningstar (weapon)
Missiles
 i - 15 poisoned darts
 j - 75 stones (quivered)
 k - 7 boomerangs
 A - 12 atropa-tipped darts
 C - 2 throwing nets
 F - 2 boomerangs of dispersal
Armour
 q - a +0 buckler (worn)
 x - a +2 hat (worn)
 z - a +1 plate armour (worn)
 H - a +1 pair of boots (worn)
Jewellery
 g - an amulet of regeneration (around neck)
 l - a +4 ring of evasion (left hand)
 y - a ring of magical power (right hand)
Wands
 w - a wand of charming (2)
Scrolls
 e - a scroll of blinking
 f - 2 scrolls of silence
 h - 4 scrolls of fog
Potions
 d - 3 potions of might
 m - a potion of berserk rage {unknown}
 n - 5 potions of haste
 o - 7 potions of curing
 p - 3 potions of degeneration {unknown}
 r - 2 potions of lignification
 s - 2 potions of heal wounds {unknown}
 u - 2 potions of mutation
 v - a potion of brilliance {unknown}
 B - a potion of ambrosia {unknown}
 D - 2 potions of resistance


   Skills:
 + Level 7.6 Fighting
 * Level 9.9 Axes
 + Level 5.7 Ranged Weapons
 + Level 7.7 Armour
 + Level 7.7 Shields


You had 8 spell levels left.
You didn't know any spells.
Your spell library contained the following spells:

 Spells                   Type           Power      Damage    Failure   Level
 Gell's Gravitas          Tloc           0%         N/A       100%        3
 Lesser Beckoning         Tloc           0%         N/A       100%        3
 Teleport Other           Tloc           0%         N/A       100%        3


Dungeon Overview and Level Annotations

Branches:
Dungeon (8/15)             Temple (1/1) D:5
   Lair: D:8-11

Altars:
Ashenzari
Cheibriados
Dithmenos
Elyvilon
Fedhas
Gozag
Hepliaklqana
Kikubaaqudgha
Makhleb
Nemelex Xobeh
Okawaru
Qazlal
Ru
Sif Muna
Trog
Uskayaw
Vehumet
Wu Jian
Xom
Yredelemnul
Zin
The Shining One

Shops:
D:7 :*!*


Innate Abilities, Weirdness & Mutations

You have a pair of horns on your head.
You reflexively headbutt those who attack you in melee.


Message History

The eight-headed hydra bites you but does no damage.
The eight-headed hydra bites you.
The eight-headed hydra bites you but does no damage.
The eight-headed hydra bites you.
The eight-headed hydra barely misses you.
The eight-headed hydra bites you.
You block the eight-headed hydra's attack.
The eight-headed hydra bites you but does no damage. x2
The eight-headed hydra closely misses you.
The eight-headed hydra bites you. The eight-headed hydra bites you!
As you read the scroll of teleportation, it crumbles to dust.
You feel strangely unstable. The eight-headed hydra bites you! x2
The eight-headed hydra bites you.
The eight-headed hydra bites you but does no damage. x2
The eight-headed hydra bites you!
* * * LOW HITPOINT WARNING * * *
The eight-headed hydra bites you but does no damage. x2
You hit the eight-headed hydra. You headbutt the eight-headed hydra!
The eight-headed hydra is lightly wounded.
The eight-headed hydra bites you but does no damage.
The eight-headed hydra closely misses you.
The eight-headed hydra bites you but does no damage. x2
The eight-headed hydra bites you.
* * * LOW HITPOINT WARNING * * *
The eight-headed hydra bites you but does no damage.
The eight-headed hydra closely misses you.
The eight-headed hydra bites you!
* * * LOW HITPOINT WARNING * * *
Unknown command.
You sock the eight-headed hydra!
The eight-headed hydra is moderately wounded.
The eight-headed hydra bites you! The Shining One protects you from harm!
The eight-headed hydra barely misses you.
You block the eight-headed hydra's attack.
The eight-headed hydra barely misses you.
The eight-headed hydra closely misses you.
The eight-headed hydra bites you but does no damage. x2
The eight-headed hydra bites you.
You die...

# ####### #......#
...##.....###.#....######
~...≈~~...#.#.#..#..##...
+++##~....#....###......
#~...#.###..#..##...
#~...#.# ##...#####.
#~####.# #..## #.<
#~####.# #..# #..
#≈.@.#.# #..# #..
#≈##D........# ###.. ~~~#
..######## #)... .....#
..# #.#.# ....##.. ..#
##.#.. ###. ... .##
#..... # ### ## #...#.
##...#h ##......


You could see an eight-headed hydra.

Vanquished Creatures
  Pikel (D:6)
  Sigmund (D:4)
  A wyvern (D:8)
  An orc warrior (D:7)
  2 ice beasts (D:7)
  A sky beast (D:7)
  2 ogres
  3 phantoms
  2 centaurs (D:7)
  A bullfrog (D:7)
  A gnoll sergeant (D:8)
  2 scorpions
  4 wights (D:7)
  4 killer bees (D:7)
  A howler monkey (D:5)
  A gnoll bouda (D:5)
  A hound (D:4)
  6 orc priests
  Ijyb (D:4)
  Natasha (thrice) (D:4)
  3 iguanas
  7 orc wizards
  10 gnolls
  9 adders
  A shadow imp (D:6)
  A white imp (D:7)
  2 ufetubi
  3 worms
  A dart slug (D:2)
  49 orcs
  3 ball pythons
  3 bats
  9 endoplasms
  4 giant cockroaches
  5 goblins
  7 hobgoblins
  3 jackals (D:1)
  6 kobolds
  6 quokkas
  A frilled lizard (D:1)
  4 rats
176 creatures vanquished.

Vanquished Creatures (others)
  A plant (D:1)
1 creature vanquished.

Grand Total: 177 creatures vanquished

Notes
Turn   | Place    | Note
-------+----------+-------------------------------------------
     0 | D:1      | ystael the Minotaur Fighter began the quest for the Orb.
     0 | D:1      | Reached XP level 1. HP: 19/19 MP: 0/0
   243 | D:1      | Reached XP level 2. HP: 27/27 MP: 1/1
   310 | D:1      | Reached skill level 3 in Axes
   858 | D:2      | Reached XP level 3. HP: 33/33 MP: 2/2
  1241 | D:2      | Found a faded altar of an unknown god.
  1411 | D:3      | Reached XP level 4. HP: 40/40 MP: 3/3
  1466 | D:3      | Reached skill level 4 in Axes
  1652 | D:3      | Reached XP level 5. HP: 43/47 MP: 4/4
  2044 | D:4      | Noticed Natasha
  2051 | D:4      | Killed Natasha
  2143 | D:4      | Noticed a phantom
  2152 | D:4      | Killed a phantom
  2153 | D:4      | Reached skill level 5 in Axes
  2153 | D:4      | Reached skill level 1 in Ranged Weapons
  2153 | D:4      | Reached XP level 6. HP: 55/55 MP: 5/5
  2235 | D:4      | Reached skill level 5 in Fighting
  2351 | D:4      | Noticed Sigmund
  2358 | D:4      | Killed Sigmund
  2359 | D:4      | Reached skill level 5 in Armour
  2359 | D:4      | Reached skill level 5 in Shields
  2359 | D:4      | Reached XP level 7. HP: 61/61 MP: 6/6
  2441 | D:4      | Noticed Natasha
  2446 | D:4      | Killed Natasha
  2726 | D:4      | Reached skill level 6 in Axes
  2791 | D:4      | Noticed Natasha
  2795 | D:4      | Killed Natasha
  2811 | D:4      | Noticed Ijyb
  2818 | D:4      | Killed Ijyb
  2936 | D:5      | Entered Level 5 of the Dungeon
  3215 | D:5      | Found a staircase to the Ecumenical Temple.
  3227 | Temple   | Entered the Ecumenical Temple
  3410 | Temple   | Became a worshipper of the Shining One
  4088 | D:6      | Noticed Pikel
  4103 | D:6      | Killed Pikel
  4104 | D:6      | Reached skill level 7 in Axes
  4104 | D:6      | Reached XP level 8. HP: 59/70 MP: 7/7
  4389 | D:6      | Found a sparkling altar of Nemelex Xobeh.
  4392 | D:6      | Found an opulent altar of Gozag.
  4397 | D:6      | Found a blossoming altar of Fedhas.
  4460 | D:6      | Reached skill level 8 in Axes
  4742 | D:7      | Found Pyff's General Store.
  4764 | D:7      | Found Moyb's Magic Scroll Shop.
  4797 | D:7      | Reached * piety under the Shining One
  4806 | D:7      | Found Xihits's Book Emporium.
  4890 | D:7      | Found a bloodstained altar of Trog.
  4950 | D:7      | Reached XP level 9. HP: 64/78 MP: 8/8
  5007 | D:7      | Found Reamyost's General Store.
  5010 | D:7      | Bought a scroll of fog for 60 gold pieces
  5010 | D:7      | Bought a potion of might for 60 gold pieces
  5031 | D:7      | Found Nudwyph's Distillery.
  5039 | D:7      | Bought a potion of resistance for 100 gold pieces
  5039 | D:7      | Bought 2 potions of haste for 200 gold pieces
  5108 | D:7      | Reached skill level 9 in Axes
  5108 | D:7      | Reached skill level 5 in Ranged Weapons
  5270 | D:7      | Found a runed translucent door.
  5293 | D:7      | Found a sacrificial altar of Ru.
  5787 | D:8      | Noticed an eight-headed hydra
  5791 | D:8      | HP: 3/79 [eight-headed hydra (11)]
  5792 | D:8      | The Shining One protects you from harm!
  5792 | D:8      | Slain by an eight-headed hydra

Illustrated notes

Levels and vault maps discovered:
D:1:      dpeg_arrival_round_b, layout_rooms, serial_forest,
          infiniplex_forest_lined_3_way, infiniplex_forest_clump_long,
          infiniplex_forest_clump_double, infiniplex_forest_zigzag_2,
          infiniplex_forest_lined_room_, infiniplex_forest_straight_4,
          infiniplex_forest_straight_2, infiniplex_forest_straight_5
D:2:      layout_basic, shapermc_ecumenical_altar_hornbeckon
D:3:      wander_river, layout_basic
D:4:      layout_gridville, minivault_4, uniq_natasha, uniq_ijyb, uniq_sigmund
D:5:      layout_basic, minmay_temple_entry_sparse_star, minivault_19
D:6:      layout_basic, grunt_temple_overflow_diamond, uniq_pikel
D:7:      layout_cave_pools, bloody_trog, nicolae_ru_path_of_blood,
          serial_shops, nicolae_shop_advertising_works
          [nicolae_subvault_shop_adworks], shop, nicolae_diamond_shop,
          nicolae_shop_statue_plus, kennysheep_mini_moat,
          lightli_church_of_beogh
D:8:      layout_loops_cross, chequers_serial_rivers_micro_b, minmay_orc_keep
Temple:   bh_familiar_temple

Skill      XL: |  1  2  3  4  5  6  7  8  9 |
---------------+----------------------------+-----
Axes           | 3 4 5 7 8 9 |  9.9
Armour         | 4 5 6 7 |  7.7
Shields        | 4 5 6 7 |  7.7
Fighting       | 4 5 6 7 |  7.6
Ranged Weapons | 1 2 3 4 5 |  5.7

Action                   |  1- 3 |  4- 6 |  7- 9 || total
-------------------------+-------+-------+-------++-------
Melee: War axe           |    70 |    89 |   205 ||   364
       Headbutt          |     8 |    11 |    30 ||    49
       Morningstar       |       |       |     3 ||     3
 Fire: Sling             |       |    39 |    99 ||   138
  Use: Scroll            |     8 |     6 |    11 ||    25
Armor: Scale mail        |    14 |       |       ||    14
       Chain mail        |    18 |    47 |    24 ||    89
       Plate armour      |       |       |    74 ||    74
Dodge: Dodged            |    34 |    59 |    92 ||   185
Block: Buckler           |    14 |    18 |    67 ||    99
